 Dungeon Crawl Stone Soup version 0.17-a0-18-gc25b939 (webtiles) character file.

255 Chiseanne the Ducker (level 5, -2/26 HPs)
             Began as a Spriggan Artificer on Mar 10, 2015.
             Was an Initiate of Gozag.
             Slain by a scorpion (6 damage)
             ... on level 4 of the Dungeon.
             The game lasted 00:17:47 (5019 turns).

Chiseanne the Ducker (Spriggan Artificer)           Turns: 5019, Time: 00:17:47

Health: -2/26      AC:  3    Str:  8    XL:     5   Next: 91%
Magic:  13/13      EV: 23    Int: 13    God:    Gozag
Gold:   309        SH:  0    Dex: 17    Spells: 0 memorised, 4 levels left

rFire  . . .     SeeInvis +     w - +1 hunting sling (flame)
rCold  . . .     Clarity  +     e - +1 robe
rNeg   + . .     SustAb   .     (shield restricted)
rPois  .         Gourm    .     (helmet restricted)
rElec  .         Spirit   .     (no cloak)
rCorr  .         Warding  .     (gloves unavailable)
rMut   .         Stasis   .     (boots unavailable)
MR     .....                    r - amulet of clarity
Stlth  +++.......               (no ring)
                                b - ring of positive energy

@: lethally poisoned (-2 -> -10), very quick, not resistant to hostile
enchantments, fairly stealthy
A: unfitting armour, see invisible, breathe flames 1, herbivore 3, speed 3, slow
metabolism 2
a: Potion Petition, Call Merchant, Bribe Branch, Renounce Religion, Breathe Fire


You were on level 4 of the Dungeon.
You worshipped Gozag.
Gozag was noncommittal.
You were full.

You visited 1 branch of the dungeon, and saw 4 of its levels.

You collected 402 gold pieces.
You paid 93 gold pieces to Gozag.

Inventory:

Hand weapons
 a - a +0 short sword
 w - a +1 hunting sling of flaming (weapon)
Missiles
 h - 10 arrows
 l - 32 sling bullets (quivered)
 q - 33 bolts
 v - 13 poisoned needles
Armour
 e - a +1 robe (worn)
Jewellery
 b - a ring of positive energy (left hand)
 r - an amulet of clarity (around neck)
Magical devices
 c - a wand of enslavement (0)
 t - a wand of heal wounds (5)
Scrolls
 k - 4 scrolls of teleportation
 m - a scroll of enchant armour
 o - 2 scrolls of remove curse
 u - a scroll of identify
Potions
 d - a potion of mutation
 j - 2 potions of cancellation
 n - a potion of brilliance
 p - a potion of restore abilities
Comestibles
 f - 3 bread rations
 g - 3 fruits


   Skills:
 - Level 2.1 Fighting
 - Level 1.1 Short Blades
 + Level 7.2 Dodging
 * Level 4.4 Stealth
 - Level 4.0 Evocations


You had 4 spell levels left.
You didn't know any spells.

Dungeon Overview and Level Annotations

Branches:
Dungeon (4/15)
 Temple: D:4-7

Altars:
Elyvilon
Gozag
Okawaru
Qazlal

Shops:
D:3 *

Annotations:
D:3 Antondotnet's ghost, average DEWz


Innate Abilities, Weirdness & Mutations

You are tiny and cannot use many weapons and most armour.
You have supernaturally acute eyesight.
You are a herbivore.
You cover ground extremely quickly.
You need consume almost no food.
You can breathe flames.


Message History

The sling bullet closely misses the scorpion.
The scorpion stings you.
You are poisoned.
The scorpion poisons you!
You feel sick. The scorpion stings you.
* * * LOW HITPOINT WARNING * * *
Firing (i - inventory):
l - 33 sling bullets (quivered)
Press: ? - help, Shift-Dir - straight line, f/p - scorpion
Aim: a scorpion (severely wounded)
You shoot a sling bullet. The sling bullet hits the scorpion.
The sling bullet burns the scorpion.
The scorpion is almost dead.
You hear a splash.
* * * LOW HITPOINT WARNING * * *
You feel sick.
The scorpion splashes around in the water.
* * * LOW HITPOINT WARNING * * *
You feel sick. The scorpion stings you.
You die...
Your body crumbles into a pile of gold.

##!.. #....
#...# #..##
###.<.#
#≈≈.≈)##
##≈#+#≈.#
#..'_'..#
#.≈#@#≈..#
#.≈s.≈≈#..#
#(..(..####..#
##.##### #.# #
#.# #


You could see a scorpion.

Vanquished Creatures
  An orc priest (D:3)
  An orc wizard (D:3)
  Terence (D:2)
  Robin (D:3)
  3 adders (D:3)
  2 oozes (D:3)
  4 orcs (D:3)
  12 bats
  4 giant cockroaches
  18 goblins
  8 hobgoblins
  9 jackals
  10 kobolds
  2 giant geckos (D:2)
  7 giant newts
  6 rats
89 creatures vanquished.

Vanquished Creatures (collateral kills)
  An orc priest (D:3)
  An adder (D:3)
  3 orcs (D:3)
  A jackal (D:3)
  A kobold (D:3)
7 creatures vanquished.

Vanquished Creatures (others)
  An orc wizard (D:3)
  A worm (D:3)
  3 orcs (D:3)
  2 jackals
  A goblin (D:1)
  A rat (D:1)
9 creatures vanquished.

Grand Total: 105 creatures vanquished

Notes
Turn   | Place    | Note
--------------------------------------------------------------
     0 | D:1      | Chiseanne, the Spriggan Artificer, began the quest for the Orb.
     0 | D:1      | Reached XP level 1. HP: 9/9 MP: 2/2
   468 | D:1      | Reached skill level 1 in Fighting
   720 | D:1      | Reached XP level 2. HP: 2/14 MP: 5/5
  1627 | D:2      | Found a white marble altar of Elyvilon.
  1628 | D:2      | Noticed Terence
  1629 | D:2      | Killed Terence
  1629 | D:2      | Reached XP level 3. HP: 15/18 MP: 8/8
  2498 | D:2      | Found a stormy altar of Qazlal.
  2576 | D:2      | Reached skill level 5 in Dodging
  2695 | D:2      | Noticed Ijyb
  2711 | D:2      | Noticed Ijyb
  2711 | D:2      | Ijyb changed into Ijyb the giant gecko
  2712 | D:2      | Killed Ijyb the giant gecko
  2950 | D:3      | Reached XP level 4. HP: 19/22 MP: 10/10
  3170 | D:3      | Found Gozag's Platinum Reserve.
  3235 | D:3      | Found an opulent altar of Gozag.
  3243 | D:3      | Became a worshipper of Gozag Ym Sagoz the Greedy
  3658 | D:3      | Gained mutation: You can breathe flames. [potion of beneficial mutation]
  3704 | D:3      | Noticed Antondotnet's ghost (average DEWz)
  3812 | D:3      | Reached skill level 6 in Dodging
  4308 | D:3      | Reached XP level 5. HP: 6/26 MP: 13/13
  4517 | D:3      | Reached skill level 7 in Dodging
  4638 | D:3      | Noticed Robin
  4661 | D:3      | Killed Robin
  4988 | D:4      | Found an iron altar of Okawaru.
  5019 | D:4      | Slain by a scorpion

Action                   |  1- 3 |  4- 6 || total
-------------------------+-------+-------++-------
Melee: Short sword       |   171 |   168 ||   339
 Fire: Hunting sling     |       |    20 ||    20
 Abil: Breathe Fire      |       |     2 ||     2
Evoke: Wand              |    33 |    14 ||    47
  Use: Scroll            |    13 |     4 ||    17
       Potion            |       |     4 ||     4
 Stab: Sleeping          |     2 |     1 ||     3
       Distracted        |       |     1 ||     1
       Invisible         |       |     1 ||     1
  Eat: Fruit             |       |     2 ||     2
       Bread ration      |       |     1 ||     1
